[Event "Titled Tuesday Blitz May 4 2021"]
[White "Trost, Edvin"]
[Black "Banawa, Joel"]
[WhiteFideId "1729519"]
[BlackFideId "2024055"]
[WhiteElo "2028"]
[BlackElo "2707"]
[Result "0-1"]
[Round "07"]
[TimeControl "180+1"]
[Date "2021.05.04"]
[WhiteClock "0:00:02"]
[BlackClock "0:00:05"]

1. d4 Nf6 2. c4 g6 3. Nc3 Bg7 4. e4 O-O 5. h3 d6 6. Nf3 Na6 7. Be3 c5 8. Be2 cxd4 9. Nxd4 Nc5 10. Qc2 a5 11. O-O a4 12. Rfe1 Nfd7 13. Rad1 Qa5 14. Nd5 Re8 15. Nb5 Na6 16. Na7 Nb4 17. Nxb4 Qxb4 18. Nxc8 Rexc8 19. b3 axb3 20. Qxb3 Qxb3 21. axb3 Ra2 22. Bd3 Ne5 23. f4 Nxd3 24. Rxd3 Rb2 25. Kh2 Ra8 26. Red1 Ra3 27. c5 Rbxb3 28. cxd6 exd6 29. Rxb3 Rxb3 30. Bf2 Bf8 31. Rc1 Rb4 32. e5 Rxf4 33. Bg3 Rd4 34. Rc8 Kg7 35. Rd8 d5 36. e6 Re4 37. exf7 Kxf7 38. Rxd5 b6 39. Rd8 Bc5 40. Rd7+ Re7 41. Rd2 Re3 42. Bf2 Rc3 43. Bxc5 bxc5 44. Rd7+ Kg8 45. Rc7 c4 46. h4 h6 47. g3 Rc1 48. Kh3 c3 49. h5 gxh5 50. Kh2 Kf8 51. Kg2 Ke8 52. Kh2 Kd8 53. Rc5 c2 54. Rc6 Kd7 55. Rc5 Kd6 56. Rc8 Kd5 57. Rd8+ Ke5 58. Re8+ Kf5 59. Rf8+ Kg6 60. Rg8+ Kf6 61. Rf8+ Ke7 62. Rc8 h4 63. gxh4 Ke6 64. Rc6+ Kf5 65. Rc5+ Kf6 66. Rc8 Ke5 67. Re8+ Kd6 68. Rc8 Ke6 69. Rc6+ Kf5 70. Rc5+ Kf4 71. Rc4+ Ke3 72. Rc8 Kd4 73. Rd8+ Ke5 74. Re8+ Kf6 75. Rf8+ Kg6 76. Rc8 Kg7 77. Rc7+ Kf8 78. Rc6 Ke7 79. Rc7+ Kd8 80. Rc6 h5 81. Rc5 Kd7 82. Rc4 Kd6 83. Rc8 Ke6 84. Rc5 Kf6 85. Rc6+ Ke5 86. Rc5+ Kd4 87. Rc8 Ke4 88. Re8+ Kf3 89. Rc8 Kf2 90. Rf8+ Ke2 91. Re8+ Kd2 92. Rd8+ Ke3 93. Rc8 Kf3 94. Rf8+ Kg4 95. Rc8 Kxh4 96. Rc4+ Kg5 97. Rc5+ Kg4 98. Rc6 Kf3 99. Rc5 Ke4 100. Rc8 Kf4 101. Rf8+ Kg5 102. Rg8+ Kh4 103. Rg2 Rh1+ 104. Kxh1 c1=Q+ 105. Kh2 Qf4+ 106. Kh1 Qe4 107. Kh2 Qe5+ 108. Kh1 Qd6 109. Rf2 Kg4 110. Kg2 Qg3+ 111. Kh1 Qd3 112. Rg2+ Kf4 113. Kh2 h4 114. Rf2+ Kg4 115. Rg2+ Kh5 116. Kh1 Qd6 117. Rf2 Qc6+ 118. Kh2 Kg4 119. Rg2+ Kh5 120. Kh1 Qd6 121. Rf2 h3 122. Rf1 Qd5+ 0-1


[Site "https://www.chess.com"]

[Event "Titled Tuesday Blitz May 4 2021"]
[White "Urazayev, Arystanbek"]
[Black "Piesik, Piotr"]
[WhiteFideId "13709810"]
[BlackFideId "1136194"]
[WhiteElo "2321"]
[BlackElo "2369"]
[Result "1-0"]
[Round "07"]
[TimeControl "180+1"]
[Date "2021.05.04"]
[WhiteClock "0:00:10"]
[BlackClock "0:00:04"]

1. e4 g6 2. d4 Bg7 3. Nf3 c6 4. c3 d6 5. Nbd2 Nf6 6. Bd3 O-O 7. O-O Nbd7 8. Re1 e5 9. dxe5 dxe5 10. Nc4 Qe7 11. a4 Rd8 12. Qe2 Nh5 13. g3 Nc5 14. Bc2 Bg4 15. Ne3 Bh3 16. b4 Ne6 17. Nc4 f6 18. Nh4 Qf8 19. Ba3 Bh6 20. b5 Qf7 21. Nd6 Qc7 22. Rad1 Bf8 23. Ndf5 Bxa3 24. Bb3 Re8 25. Qa2 gxf5 26. Bxe6+ Rxe6 27. Qxe6+ Qf7 28. Qxf7+ Kxf7 29. Rd7+ Be7 30. Rxb7 cxb5 31. axb5 fxe4 32. Rxe4 Ng7 33. Ra4 Rd8 34. f3 Kf8 35. Rc4 Ne6 36. Kf2 Bc5+ 37. Ke2 Bb6 38. Rxh7 Kg8 39. Rb7 Nc5 40. Re7 Bd7 41. Rb4 Be6 42. Ng6 Rd7 43. Rh4 Rxe7 44. Nxe7+ Kf7 45. Nc6 Bd7 46. c4 Be6 47. Nxa7 Bxa7 48. Rh7+ Kg6 49. Rxa7 Bxc4+ 50. Ke3 Bd5 51. b6 Nb7 52. Ra3 Kf7 53. h4 Ke6 54. g4 Nc5 55. h5 Kd6 56. h6 Bg8 57. Ra8 Bh7 58. Rh8 Bc2 59. Rc8 Bg6 60. Rxc5 1-0


[Site "https://www.chess.com"]

[Event "Titled Tuesday Blitz May 4 2021"]
[White "Valdes Romero, Leonardo"]
[Black "Perez Rodriguez, Jennifer"]
[WhiteFideId "6500331"]
[BlackFideId "3507831"]
[WhiteElo "2497"]
[BlackElo "2170"]
[Result "0-1"]
[Round "07"]
[TimeControl "180+1"]
[Date "2021.05.04"]
[WhiteClock "0:00:15"]
[BlackClock "0:00:12"]

1. e4 e5 2. Nf3 Nc6 3. Nc3 Nf6 4. d4 exd4 5. Nxd4 Bb4 6. Nxc6 bxc6 7. Bd3 O-O 8. O-O d5 9. exd5 cxd5 10. Qf3 c6 11. h3 Bd6 12. Bf4 Rb8 13. b3 c5 14. Rad1 Bb7 15. Bxd6 Qxd6 16. Qg3 Qxg3 17. fxg3 Rbc8 18. g4 h6 19. h4 c4 20. Bf5 cxb3 21. Bxc8 Rxc8 22. g5 hxg5 23. hxg5 Rxc3 24. gxf6 bxc2 25. Rc1 d4 26. Kf2 gxf6 27. Ke1 d3 28. Rxf6 Ra3 29. Kd2 Be4 30. Rf4 Bg6 31. Ra1 Kf8 32. Rb4 Ke7 33. g3 Kd6 34. Rb3 Ra5 35. Rc3 Rg5 36. Rg1 Re5 37. Re1 Ra5 38. a3 Rg5 39. Re3 Rd5 40. Rf3 Rd4 41. Rf6+ Kd5 42. Ra6 Rg4 43. Ra5+ Kd6 44. Ra6+ Ke5 45. Ra5+ Kf6 46. Ra6+ Kg7 47. Rxa7 Rxg3 48. Rd7 Rg2+ 49. Ke3 Re2+ 50. Kf3 Re1 51. Rdc7 d2 0-1


[Site "https://www.chess.com"]

[Event "Titled Tuesday Blitz May 4 2021"]
[White "ValeriyGrinev"]
[Black "Cunjalo, Faris"]
[BlackFideId "14410710"]
[WhiteElo "2630"]
[BlackElo "2234"]
[Result "1/2-1/2"]
[Round "07"]
[TimeControl "180+1"]
[Date "2021.05.04"]
[WhiteClock "0:00:22"]
[BlackClock "0:00:14"]

1. c4 f5 2. Nc3 Nf6 3. g3 g6 4. Bg2 Bg7 5. d3 d6 6. e4 fxe4 7. dxe4 O-O 8. Nge2 e5 9. O-O Be6 10. b3 Nc6 11. Bb2 Qd7 12. f3 Bh3 13. Qd2 Bxg2 14. Kxg2 Rf7 15. Rad1 Raf8 16. Qe3 Qc8 17. c5 dxc5 18. Qxc5 Qe6 19. Nd5 Ne8 20. b4 a6 21. a4 Nd8 22. b5 axb5 23. axb5 Rd7 24. Ba3 Rff7 25. Qc3 h6 26. Rd2 Kh7 27. Rfd1 c6 28. bxc6 Nxc6 29. Bc5 Nf6 30. Qb3 Qe8 31. Nec3 Ng8 32. Nb6 Rxd2+ 33. Rxd2 Nf6 34. Ncd5 Nxd5 35. Qxd5 Nd4 36. Bxd4 exd4 37. f4 Rc7 38. e5 Rc6 39. Nc4 Qc8 40. Nd6 Qg4 41. Qf3 Qe6 42. Qe4 Rxd6 43. Qxb7 Qd5+ 44. Qxd5 Rxd5 45. Kf3 Rd8 46. Ke4 h5 47. Rxd4 Rxd4+ 48. Kxd4 Kg8 49. Ke4 Kf7 50. h3 g5 51. Kf5 gxf4 52. gxf4 Bh6 53. e6+ Ke7 54. Kg6 Bxf4 55. Kxh5 Kxe6 56. Kg4 Bc1 57. h4 Kf6 58. h5 Bh6 59. Kf3 Bc1 60. Kg4 Bh6 61. Kf3 Kg5 62. Kg3 Kxh5 1/2-1/2


[Site "https://www.chess.com"]

[Event "Titled Tuesday Blitz May 4 2021"]
[White "Valle Maytin, Luis Enrique"]
[Black "Skatchkov, Pavel"]
[WhiteFideId "3503666"]
[BlackFideId "4121848"]
[WhiteElo "2321"]
[BlackElo "2476"]
[Result "0-1"]
[Round "07"]
[TimeControl "180+1"]
[Date "2021.05.04"]
[WhiteClock "0:00:12"]
[BlackClock "0:01:00"]

1. e4 e5 2. Nf3 Nf6 3. Nxe5 d6 4. Nf3 Nxe4 5. Nc3 Nxc3 6. dxc3 Be7 7. Bd3 O-O 8. O-O c6 9. Be3 d5 10. c4 Bg4 11. cxd5 Qxd5 12. Be2 Nd7 13. Qxd5 cxd5 14. Rfd1 Nf6 15. c3 Rfd8 16. Nd4 Be6 17. Bf3 Rac8 18. Rd3 Bc5 19. Rad1 Re8 20. h3 b6 21. g4 h6 22. Kg2 Kf8 23. Ne2 g5 24. Ng3 Rcd8 25. c4 d4 26. Bxd4 Bxd4 27. Rxd4 Rc8 28. b3 Ke7 29. Nf5+ Bxf5 30. gxf5 Red8 31. Re1+ Kf8 32. Rxd8+ Rxd8 33. Rd1 Rxd1 34. Bxd1 Ke7 35. Kf3 Kd6 36. Ke3 Ke5 37. Bc2 Nh5 38. b4 Nf4 39. b5 Nxh3 40. a4 Nf4 41. a5 bxa5 42. c5 h5 43. b6 axb6 44. cxb6 Nd5+ 45. Kf3 Nxb6 46. Kg3 f6 47. Bd1 h4+ 48. Kg4 a4 49. Bc2 a3 50. Bb1 Nd5 51. Ba2 Nc3 52. Bb3 a2 53. Bxa2 Nxa2 54. f4+ gxf4 55. Kxh4 Kxf5 56. Kh3 Nc3 57. Kg2 Ne4 58. Kf1 Ke5 59. Ke2 f5 60. Kf3 Nf6 0-1


[Site "https://www.chess.com"]

[Event "Titled Tuesday Blitz May 4 2021"]
[White "Vargas, Gabriela"]
[Black "Kononenko, Dmitry"]
[WhiteFideId "3700860"]
[BlackFideId "14113538"]
[WhiteElo "2116"]
[BlackElo "2289"]
[Result "0-1"]
[Round "07"]
[TimeControl "180+1"]
[Date "2021.05.04"]
[WhiteClock "0:00:07"]
[BlackClock "0:00:21"]

1. d4 d5 2. Nf3 Nf6 3. Bg5 Ne4 4. Bf4 g6 5. e3 Bg7 6. Bd3 O-O 7. Nbd2 Nd6 8. O-O b6 9. c3 c5 10. a4 Bf5 11. Bxf5 Nxf5 12. a5 Nd7 13. Qb3 Nf6 14. axb6 Qxb6 15. Qxb6 axb6 16. h3 Nd7 17. g4 Nd6 18. Ne5 Nxe5 19. dxe5 Nb7 20. e4 e6 21. exd5 exd5 22. Nf3 Na5 23. b4 Nc6 24. bxc5 bxc5 25. Rxa8 Rxa8 26. Rd1 Rd8 27. Kg2 d4 28. cxd4 Nxd4 29. Nxd4 cxd4 30. Rd3 f6 31. e6 Kf8 32. Bc7 Rd5 33. Kf3 f5 34. gxf5 gxf5 35. Bf4 Ke7 36. Bg5+ Kxe6 37. Bf4 Rc5 38. Ke2 Kd5 39. f3 Rc2+ 40. Rd2 Rxd2+ 41. Kxd2 Kc4 42. Kc2 d3+ 43. Kd2 Bc3+ 44. Kd1 Bb4 45. Bg5 Bc5 46. Bf4 Bd4 47. Kd2 Bc3+ 48. Kd1 Kd5 49. Bg3 Kd4 50. Bf4 Kd5 51. Bg5 Ke6 52. Bf4 Kf7 53. Bg5 Kg6 54. Bf4 Kh5 55. Kc1 Kh4 56. Kd1 Kxh3 0-1


[Site "https://www.chess.com"]

[Event "Titled Tuesday Blitz May 4 2021"]
[White "Vasquez Schroeder, Rodrigo"]
[Black "Manolache, Marius"]
[WhiteFideId "3400042"]
[BlackFideId "1201530"]
[WhiteElo "2572"]
[BlackElo "2391"]
[Result "1-0"]
[Round "07"]
[TimeControl "180+1"]
[Date "2021.05.04"]
[WhiteClock "0:01:30"]
[BlackClock "0:01:37"]

1. e4 d6 2. d4 Nf6 3. Nc3 g6 4. Nf3 Bg7 5. h3 O-O 6. Be3 c6 7. a4 b6 8. Bd3 Bb7 9. O-O Nbd7 10. e5 dxe5 11. dxe5 Nd5 12. Nxd5 cxd5 13. Bd4 Nc5 14. c3 Ne6 15. Re1 Qc7 16. Qe2 Rfd8 17. Qe3 Bc6 18. Bf1 Rab8 19. b4 a5 20. b5 Ba8 21. Rac1 Rbc8 22. Bxb6 d4 23. Bxc7 dxe3 24. Bxd8 exf2+ 25. Kxf2 Rxd8 26. Red1 Rc8 27. Rd7 Bxf3 28. Kxf3 Bxe5 29. Rxe7 Bf6 30. Ra7 Nd4+ 31. Ke4 Nb3 32. Rd1 Bxc3 33. b6 Rb8 34. Bc4 Rxb6 35. Bxf7+ 1-0


[Site "https://www.chess.com"]

[Event "Titled Tuesday Blitz May 4 2021"]
[White "Vignesh, N R"]
[Black "Iskusnyh, Sergei"]
[WhiteFideId "25012215"]
[BlackFideId "4120027"]
[WhiteElo "2401"]
[BlackElo "2492"]
[Result "1/2-1/2"]
[Round "07"]
[TimeControl "180+1"]
[Date "2021.05.04"]
[WhiteClock "0:00:19"]
[BlackClock "0:00:26"]

1. c4 c5 2. g3 g6 3. Bg2 Bg7 4. Nc3 Nc6 5. e3 e5 6. Nge2 Nge7 7. O-O d6 8. d3 O-O 9. a3 a5 10. Rb1 Be6 11. Nd5 Rb8 12. Nec3 f5 13. Bd2 Bf7 14. b4 axb4 15. axb4 cxb4 16. Nxb4 Nxb4 17. Rxb4 d5 18. cxd5 Nxd5 19. Nxd5 Bxd5 20. Rb5 Bxg2 21. Qb3+ Kh8 22. Kxg2 Qd7 23. Rb1 f4 24. exf4 exf4 25. Bc3 fxg3 26. Bxg7+ Qxg7 27. hxg3 Qf6 28. Qb2 Qxb2 29. R1xb2 Rfd8 30. R2b3 Rd7 31. Kf3 Rf8+ 32. Ke3 Re7+ 33. Kd4 Rxf2 34. Rxb7 Rxb7 35. Rxb7 Rg2 36. Ke5 Rxg3 37. d4 Re3+ 38. Kf6 Rf3+ 39. Ke6 Re3+ 40. Kf6 Rf3+ 41. Ke6 Re3+ 42. Kf7 Rf3+ 43. Ke6 1/2-1/2


[Site "https://www.chess.com"]

[Event "Titled Tuesday Blitz May 4 2021"]
[White "Vivas Zamora, Fabian Ernesto"]
[Black "Stromboli, Ettore"]
[WhiteFideId "3902480"]
[BlackFideId "813761"]
[WhiteElo "1966"]
[BlackElo "2414"]
[Result "1-0"]
[Round "07"]
[TimeControl "180+1"]
[Date "2021.05.04"]
[WhiteClock "0:00:40"]
[BlackClock "0:00:02"]

1. c4 b6 2. Nc3 Bb7 3. e4 e6 4. g3 f5 5. Bg2 Nf6 6. d3 Bb4 7. Bd2 O-O 8. Qc2 fxe4 9. dxe4 d5 10. cxd5 exd5 11. Nge2 dxe4 12. Qb3+ Kh8 13. Qxb4 e3 14. Bxb7 Qxd2+ 15. Kf1 c5 16. Qf4 Nfd7 17. Rd1 Qxb2 18. Qxe3 Nf6 19. Bxa8 Ng4 20. Qd2 Rxf2+ 21. Ke1 Qxd2+ 22. Rxd2 Rf8 23. Rf1 Re8 24. Nd5 Na6 25. Bb7 Nb4 26. Nxb4 cxb4 27. Bc6 Rc8 28. Bd7 Rc1+ 29. Nxc1 1-0


[Site "https://www.chess.com"]

[Event "Titled Tuesday Blitz May 4 2021"]
[White "Vovk, Orest"]
[Black "Maly, Alexey"]
[WhiteFideId "14113490"]
[BlackFideId "14103184"]
[WhiteElo "2203"]
[BlackElo "2314"]
[Result "1/2-1/2"]
[Round "07"]
[TimeControl "180+1"]
[Date "2021.05.04"]
[WhiteClock "0:00:58"]
[BlackClock "0:01:06"]

1. h3 c5 2. g4 Nc6 3. Bg2 g6 4. c4 Bg7 5. Nc3 d6 6. d3 h6 7. Nf3 Bd7 8. e4 e6 9. Bf4 e5 10. Be3 Nge7 11. Nd5 Nxd5 12. cxd5 Nd4 13. Nxd4 cxd4 14. Bd2 Qb6 15. Qb3 Qxb3 16. axb3 Bb5 17. Ke2 g5 18. h4 f6 19. h5 Kd7 20. Rhc1 a6 21. Bf1 Rhc8 22. Rxc8 Rxc8 23. Rc1 Rxc1 24. Bxc1 Bf8 25. Kd2 Be7 26. Kc2 Bd8 27. Bd2 Bb6 28. b4 Ba4+ 29. b3 Bb5 30. Kb2 Kc7 31. Ka3 Kb8 32. f3 Bc7 33. Be2 Ka7 34. Bf1 Bd8 35. Be2 Bb6 36. Bf1 Kb8 37. Be2 Kc8 38. Bf1 Bd7 39. Be2 Bc7 40. Bf1 Kb8 41. Be2 b6 42. Bf1 Kb7 43. Be2 Bb5 44. Bf1 Ka7 45. Be2 Bd8 46. Bf1 Kb7 47. Be2 Be7 48. Bf1 Bf8 49. Be2 Bg7 50. Bf1 Ka8 51. Be2 Bh8 52. Bf1 Kb8 53. Be2 Bg7 54. Bf1 Bf8 55. Be2 Be7 56. Bf1 Ka8 57. Be2 Bd8 58. Bf1 Kb7 59. Be2 a5 60. Bf1 Ka6 61. Be2 Bc7 62. Bf1 Bd7 63. Be2 Kb5 64. Bd1 Ka6 65. Be2 axb4+ 66. Bxb4 Be8 67. Bf1 b5 68. Be2 Kb6 69. Bd1 Bd7 70. Bc2 Bc8 71. Bd2 Bd8 72. b4 Bd7 1/2-1/2


[Site "https://www.chess.com"]

[Event "Titled Tuesday Blitz May 4 2021"]
[White "Wagh Suyog"]
[Black "Vukovic, Zdravko"]
[WhiteFideId "25071688"]
[BlackFideId "900877"]
[WhiteElo "2219"]
[BlackElo "2482"]
[Result "1-0"]
[Round "07"]
[TimeControl "180+1"]
[Date "2021.05.04"]
[WhiteClock "0:00:30"]
[BlackClock "0:00:03"]

1. e4 d5 2. exd5 Qxd5 3. d4 Nf6 4. Nf3 Bg4 5. Be2 Nc6 6. c4 Qf5 7. Nc3 O-O-O 8. Be3 e5 9. d5 e4 10. Nd4 Nxd4 11. Bxd4 Bb4 12. Bxf6 Bxe2 13. Qxe2 Qxf6 14. O-O Bxc3 15. bxc3 Rhe8 16. Rab1 Qxc3 17. Rb3 Qa5 18. Rb5 Qa3 19. Rfb1 b6 20. c5 e3 21. f4 Qc3 22. d6 Qd2 23. Qg4+ Re6 24. dxc7 Qf2+ 25. Kh1 Kxc7 26. cxb6+ axb6 27. Qxg7 e2 28. Qxf7+ Rd7 29. Rc1+ Kd8 30. Qf8+ Re8 31. Qf6+ Ree7 32. Qh8+ Re8 33. Qf6+ Ree7 34. Rbb1 1-0


[Site "https://www.chess.com"]

[Event "Titled Tuesday Blitz May 4 2021"]
[White "Wagner, Dennis"]
[Black "Foerster-Yialamas, Lucas"]
[WhiteFideId "24650684"]
[BlackFideId "30901774"]
[WhiteElo "2355"]
[BlackElo "1744"]
[Result "1-0"]
[Round "07"]
[TimeControl "180+1"]
[Date "2021.05.04"]
[WhiteClock "0:00:17"]
[BlackClock "0:00:14"]

1. e4 c5 2. Nf3 d6 3. Bb5+ Nd7 4. O-O a6 5. Bxd7+ Bxd7 6. c3 Nf6 7. Re1 g6 8. d4 cxd4 9. cxd4 Bg7 10. Nc3 O-O 11. e5 dxe5 12. dxe5 Ne8 13. Bf4 Nc7 14. Qd2 Ne6 15. Rad1 Bc6 16. Qe3 Qc7 17. Nd4 Nxf4 18. Qxf4 Rfd8 19. h4 b5 20. h5 Bb7 21. h6 Bh8 22. a3 e6 23. Ne4 Bxe4 24. Qxe4 Rac8 25. Nc6 Rxd1 26. Rxd1 f5 27. exf6 Qxc6 28. Rd8+ Kf7 29. Qxc6 Rxc6 30. Rxh8 Kxf6 31. Rxh7 g5 32. Ra7 Rc1+ 33. Kh2 Rc6 34. h7 Rc8 35. Rxa6 Rh8 36. Ra7 Kf5 37. f3 e5 38. Kg3 Rb8 39. Rg7 Rh8 40. b3 Kf6 41. Rb7 Kf5 42. a4 bxa4 43. bxa4 e4 44. fxe4+ Kxe4 45. Kg4 Ke5 46. a5 Kf6 47. a6 Ra8 48. a7 Kg6 49. Rb8 Rxa7 50. h8=Q Rb7 51. Qh5+ 1-0


[Site "https://www.chess.com"]

[Event "Titled Tuesday Blitz May 4 2021"]
[White "Williams, Simon K"]
[Black "Kraemer, Martin"]
[WhiteFideId "404454"]
[BlackFideId "4671910"]
[WhiteElo "2468"]
[BlackElo "2482"]
[Result "1/2-1/2"]
[Round "07"]
[TimeControl "180+1"]
[Date "2021.05.04"]
[WhiteClock "0:00:05"]
[BlackClock "0:00:13"]

1. e4 c5 2. b4 cxb4 3. a3 d5 4. exd5 Qxd5 5. Nf3 e5 6. axb4 Bxb4 7. c3 Bc5 8. Na3 Nc6 9. Nb5 Qd8 10. d4 exd4 11. Bf4 Bb6 12. Bc4 Be6 13. Bxe6 fxe6 14. O-O Nf6 15. Nd6+ Kf8 16. Ng5 Qd7 17. Re1 e5 18. Bxe5 Nxe5 19. Rxe5 Qxd6 20. Qb3 Qd7 21. Ne6+ Kg8 22. Nd8+ Kf8 23. Qb4+ Kg8 24. Qc4+ Kf8 25. Ne6+ Kg8 26. Ng5+ Kf8 27. Qb4+ Kg8 28. Qc4+ Kf8 29. Qb4+ Kg8 30. Rae1 h6 31. Qc4+ Kf8 32. Ne6+ Kg8 33. Ng5+ Kf8 34. Qb4+ Kg8 35. Qb3+ Kf8 36. Qb4+ Kg8 1/2-1/2


[Site "https://www.chess.com"]

[Event "Titled Tuesday Blitz May 4 2021"]
[White "Wu, Christopher"]
[Black "Ravi, Thandalam Shanmugam"]
[WhiteFideId "2040875"]
[BlackFideId "5000238"]
[WhiteElo "2612"]
[BlackElo "2215"]
[Result "1-0"]
[Round "07"]
[TimeControl "180+1"]
[Date "2021.05.04"]
[WhiteClock "0:01:57"]
[BlackClock "0:00:03"]

1. e4 e5 2. Nf3 Nc6 3. Bb5 a6 4. Ba4 Nf6 5. O-O Be7 6. d3 b5 7. Bb3 d6 8. a3 O-O 9. Nc3 Bg4 10. Be3 Nd4 11. Bxd4 exd4 12. Nd5 c6 13. Nxe7+ Qxe7 14. h3 Bxf3 15. Qxf3 Nd7 16. Qg3 Kh8 17. f4 f5 18. Rae1 Nc5 19. exf5 Qf6 20. Be6 a5 21. Qf3 d5 22. g4 h6 23. Qg3 Rae8 24. g5 Qd8 25. Re5 Nxe6 26. fxe6 Qd6 27. Rfe1 Re7 28. Kh1 Rfe8 29. gxh6 gxh6 30. Qg6 Rh7 31. Qxe8+ 1-0


[Site "https://www.chess.com"]

[Event "Titled Tuesday Blitz May 4 2021"]
[White "Xiong, Jeffery"]
[Black "Yoo, Christopher Woojin"]
[WhiteFideId "2047640"]
[BlackFideId "30909694"]
[WhiteElo "2724"]
[BlackElo "2009"]
[Result "0-1"]
[Round "07"]
[TimeControl "180+1"]
[Date "2021.05.04"]
[WhiteClock "0:01:42"]
[BlackClock "0:00:44"]

1. e4 c5 2. Nf3 e6 3. c3 d5 4. exd5 Qxd5 5. Na3 Nf6 6. d4 Nc6 7. Nb5 Qd8 8. dxc5 Bxc5 9. Qxd8+ Kxd8 10. Bf4 Ne4 11. Be3 Bxe3 12. fxe3 a6 13. Nbd4 Bd7 14. Bd3 Nf6 15. Nxc6+ Bxc6 16. Ne5 Be8 17. Be2 Ke7 18. Bf3 Rb8 19. O-O-O Nd7 20. Nd3 f6 21. Rd2 Bg6 22. Nf4 Ne5 23. Rhd1 Bf7 24. Rd4 Rhc8 25. a4 Rc7 26. Rb4 Nc4 27. Rd3 a5 28. Rb5 Be8 29. Bd5 Bxb5 30. Nxe6 Ne5 31. Rd4 Rd7 32. Nxg7 Bc6 33. Nf5+ Kf8 34. e4 Rbd8 35. Ne3 f5 36. c4 fxe4 37. Rxe4 Nd3+ 38. Kb1 Nb4 39. Rf4+ Kg7 0-1


[Site "https://www.chess.com"]

[Event "Titled Tuesday Blitz May 4 2021"]
[White "Yang, Kaiqi"]
[Black "Prraneeth Vuppala"]
[WhiteFideId "8604398"]
[BlackFideId "46622373"]
[WhiteElo "2373"]
[BlackElo "1759"]
[Result "1-0"]
[Round "07"]
[TimeControl "180+1"]
[Date "2021.05.04"]
[WhiteClock "0:00:13"]
[BlackClock "0:00:12"]

1. d4 d5 2. Nf3 Nf6 3. e3 e6 4. Bd3 Bd6 5. b3 c5 6. Bb2 Nc6 7. Nbd2 b6 8. O-O Bb7 9. Ne5 O-O 10. f4 Rc8 11. a3 Ne7 12. Qf3 cxd4 13. exd4 b5 14. Rae1 b4 15. a4 Qb6 16. Qh3 Rfd8 17. Kh1 Ne4 18. Ndf3 h6 19. g4 Ng6 20. f5 Nf4 21. Qh4 Ba6 22. g5 Bxe5 23. dxe5 Nxd3 24. cxd3 Nxg5 25. Nxg5 hxg5 26. Qxg5 Bxd3 27. Rg1 g6 28. f6 Qc6 29. Qh6 d4+ 30. Rg2 Qxg2+ 31. Kxg2 Rc2+ 32. Kg1 Rxb2 33. Qg7# 1-0


[Site "https://www.chess.com"]

[Event "Titled Tuesday Blitz May 4 2021"]
[White "Yeremyan, Alen"]
[Black "Senthil Maran K"]
[WhiteFideId "13308998"]
[BlackFideId "25035681"]
[WhiteElo "2158"]
[BlackElo "2194"]
[Result "1/2-1/2"]
[Round "07"]
[TimeControl "180+1"]
[Date "2021.05.04"]
[WhiteClock "0:00:09"]
[BlackClock "0:00:09"]

1. d4 d5 2. Nf3 Nf6 3. e3 g6 4. Bd3 Bg7 5. O-O O-O 6. c4 c5 7. dxc5 dxc4 8. Bxc4 Qxd1 9. Rxd1 Ne4 10. Nc3 Nxc5 11. Bd2 Nc6 12. Rac1 Bf5 13. Be1 Rad8 14. b3 Rxd1 15. Rxd1 Rd8 16. Rxd8+ Nxd8 17. Nd5 Kf8 18. Nd4 Bd3 19. Bb4 Bxc4 20. bxc4 b6 21. a4 e6 22. Nc3 Ke7 23. a5 Kd7 24. axb6 axb6 25. Ndb5 Ndb7 26. Kf1 Bxc3 27. Bxc3 Ne4 28. Bb4 Nbd6 29. Na3 Kc6 30. f3 Nc5 31. Ke2 f5 32. h4 e5 33. Bc3 e4 34. f4 Nd3 35. Bd4 b5 36. cxb5+ Nxb5 37. Nc2 Kd5 38. Bh8 Kc4 39. Kd2 Nb4 40. Ne1 Kb3 41. g3 Na3 42. Ng2 h5 43. Ke2 Kc2 44. Bg7 Nd3 45. Bd4 Nc1+ 46. Kf2 Nd3+ 47. Ke2 Nb1 48. Bf6 Nd2 49. g4 Nb3 50. gxh5 gxh5 51. Bg7 Na5 52. Kf1 Nc4 53. Ke2 Nc1+ 54. Ke1 Nd3+ 55. Ke2 Nd6 56. Bf8 Nb5 57. Bg7 Na3 58. Bf6 Nc4 59. Bg7 1/2-1/2


[Site "https://www.chess.com"]

[Event "Titled Tuesday Blitz May 4 2021"]
[White "Yurtseven, Melih"]
[Black "Visakh N R"]
[WhiteFideId "6312160"]
[BlackFideId "25012223"]
[WhiteElo "2160"]
[BlackElo "2428"]
[Result "0-1"]
[Round "07"]
[TimeControl "180+1"]
[Date "2021.05.04"]
[WhiteClock "0:00:03"]
[BlackClock "0:00:41"]

1. d4 Nf6 2. c4 g6 3. Nc3 d5 4. Nf3 Bg7 5. Qb3 dxc4 6. Qxc4 Be6 7. Qb5+ Bd7 8. Qxb7 Nc6 9. e3 Rb8 10. Qa6 Nb4 11. Qe2 c5 12. a3 Qa5 13. e4 O-O 14. Be3 Nxe4 15. Bd2 Nc2+ 16. Kd1 Nxa1 17. Nxe4 Qa4+ 18. Ke1 Nc2+ 0-1


[Site "https://www.chess.com"]

[Event "Titled Tuesday Blitz May 4 2021"]
[White "Zaichenko, Daria"]
[Black "Estrada Nieto, Julian"]
[WhiteFideId "4197453"]
[BlackFideId "5101018"]
[WhiteElo "2039"]
[BlackElo "2270"]
[Result "1/2-1/2"]
[Round "07"]
[TimeControl "180+1"]
[Date "2021.05.04"]
[WhiteClock "0:00:05"]
[BlackClock "0:00:04"]

1. e4 e5 2. Nf3 Nc6 3. Bc4 Bc5 4. c3 d6 5. d3 Nf6 6. b4 Bb6 7. a4 a5 8. b5 Ne7 9. Bg5 Ng6 10. Bb3 h6 11. Be3 O-O 12. Nbd2 c6 13. bxc6 bxc6 14. Rb1 Rb8 15. Nc4 Bxe3 16. Nxe3 Nf4 17. Bxf7+ Rxf7 18. Rxb8 Qc7 19. Rb1 Ba6 20. c4 Nd7 21. O-O Nc5 22. Ne1 Bc8 23. f3 Kh7 24. Kh1 Qe7 25. d4 Nce6 26. Nf5 Qc7 27. d5 cxd5 28. cxd5 Nc5 29. g3 Nh3 30. Ne3 Ng5 31. h4 Nh3 32. N1g2 Ba6 33. Kh2 Bxf1 34. Qxf1 Qd7 35. Qb5 Nf2 36. Kg1 Qxb5 37. Rxb5 Nfd3 38. Rxa5 Rxf3 39. Kh2 Rf2 40. Nd1 Ra2 41. Nc3 Ra3 42. Nb5 Rxa4 43. Rxa4 Nxa4 44. Nxd6 Nac5 45. Nf7 Kg8 46. Nd8 Nxe4 47. Nc6 Kf8 48. Ne3 Kf7 49. Nc4 Kf6 50. d6 Ndc5 51. N4xe5 Nd7 52. Nc4 Ke6 53. g4 Ndc5 54. Nd4+ Kd5 55. Nf5 Nd7 56. Nce3+ Ke6 57. Nxg7+ Ke5 58. Ngf5 Nxd6 59. Nxd6 Kxd6 60. Nf5+ Ke6 61. Nxh6 Ne5 62. g5 Ke7 63. Kg3 Kf8 64. Kf4 Nd3+ 65. Kf5 Kg7 66. h5 Nc5 67. Ng4 Nd7 68. h6+ Kh7 69. g6+ Kh8 70. Ke6 Nf8+ 71. Kf7 Nxg6 72. Kxg6 Kg8 73. Kh5 Kh8 74. Kg6 Kg8 75. Ne5 Kh8 76. Nf7+ Kg8 77. h7+ Kf8 78. h8=Q+ Ke7 79. Qe5+ Kd7 80. Qd6+ Ke8 81. Ne5 1/2-1/2


[Site "https://www.chess.com"]

[Event "Titled Tuesday Blitz May 4 2021"]
[White "Zeydan, Salih"]
[Black "Karttunen, Mika"]
[WhiteFideId "6361722"]
[BlackFideId "502081"]
[WhiteElo "1988"]
[BlackElo "2343"]
[Result "0-1"]
[Round "07"]
[TimeControl "180+1"]
[Date "2021.05.04"]
[WhiteClock "0:00:02"]
[BlackClock "0:00:11"]

1. d4 Nf6 2. Bg5 Ne4 3. Bf4 d5 4. Nd2 Nxd2 5. Qxd2 e6 6. Nf3 Nd7 7. e3 Bd6 8. Bg3 O-O 9. Bd3 f5 10. O-O Bxg3 11. hxg3 b6 12. a4 a5 13. Bb5 Nf6 14. Ne5 Bb7 15. f3 Qd6 16. c3 c6 17. Bd3 c5 18. Bb5 Ba6 19. Qe2 c4 20. Bxa6 Rxa6 21. Rf2 Ra7 22. Raf1 Rb8 23. g4 b5 24. axb5 Rxb5 25. g5 Nd7 26. Nxd7 Qxd7 27. e4 Rab7 28. exf5 exf5 29. Re1 Rxb2 30. Qxb2 Rxb2 31. Rxb2 Kf7 32. Rb6 Qa4 33. Ree6 f4 34. Red6 Ke7 35. Re6+ Kd7 36. g6 h5 37. Red6+ Kc7 38. Ra6 Qb5 0-1


[Site "https://www.chess.com"]

[Event "Titled Tuesday Blitz May 4 2021"]
[White "Zhigalko, Sergei"]
[Black "Sapunov, Evgeny"]
[WhiteFideId "13502956"]
[BlackFideId "4126661"]
[WhiteElo "2662"]
[BlackElo "2470"]
[Result "1-0"]
[Round "07"]
[TimeControl "180+1"]
[Date "2021.05.04"]
[WhiteClock "0:00:08"]
[BlackClock "0:00:41"]

1. e4 c5 2. c3 Nf6 3. e5 Nd5 4. Nf3 d6 5. Bc4 e6 6. d4 cxd4 7. cxd4 Nc6 8. O-O Be7 9. Bd2 O-O 10. Nc3 Nxc3 11. Bxc3 dxe5 12. dxe5 a6 13. Bd3 b5 14. Qe2 Bb7 15. a3 Qb6 16. b4 Rfd8 17. Rfe1 Rd7 18. h4 Rad8 19. Bc2 a5 20. Qe4 g6 21. Qf4 Rc8 22. Be4 axb4 23. axb4 Nb8 24. Bd2 Rc4 25. Rac1 Rdc7 26. Rcd1 Rd7 27. Rc1 Bxe4 28. Rxc4 bxc4 29. Rxe4 Bxb4 30. Bxb4 Qxb4 31. Rxc4 Qb7 32. Qh6 Rd1+ 33. Kh2 Nd7 34. Ng5 Nf8 35. Ne4 Nd7 36. Nf6+ Nxf6 37. exf6 Qb8+ 38. g3 Qf8 39. Rc8 1-0


[Site "https://www.chess.com"]